 Dungeon Crawl Stone Soup version 0.19.0-18-g426998a (webtiles) character file.

60 dysrexia the Cutter (level 3, -1/19 HPs)
             Began as a Spriggan Monk on Nov 11, 2016.
             Was a Believer of Okawaru.
             Slain by a goblin (4 damage)
             ... led by Robin
             ... on level 2 of the Dungeon.
             The game lasted 00:02:50 (1365 turns).

dysrexia the Cutter (Spriggan Monk)                 Turns: 1365, Time: 00:02:50

Health: -1/19      AC:  2    Str:  7    XL:     3   Next: 80%
Magic:  3/4        EV: 20    Int: 11    God:    Okawaru [**....]
Gold:   15         SH:  0    Dex: 19    Spells: 0 memorised, 2 levels left

rFire  . . .     SeeInvis +     a - +0 short sword
rCold  . . .     Gourm    .     b - +0 robe
rNeg   . . .     Faith    .     (shield restricted)
rPois  .         Spirit   .     (helmet restricted)
rElec  .         Reflect  .     (no cloak)
rCorr  .         Harm     .     (gloves unavailable)
MR     .....                    (boots unavailable)
Stlth  +++.......               (no amulet)
                                (no ring)
                                (no ring)

@: very quick
A: unfitting armour, see invisible, herbivore 3, speed 3, slow metabolism 2
a: Heroism, Renounce Religion


You were on level 2 of the Dungeon.
You worshipped Okawaru.
Okawaru was pleased with you.
You were not hungry.

You visited 1 branch of the dungeon, and saw 2 of its levels.

You collected 15 gold pieces.

Inventory:

Hand Weapons
 a - a +0 short sword (weapon)
Missiles
 d - 26 stones (quivered)
Armour
 b - a +0 robe (worn)
Jewellery
 e - a +3 ring of evasion {unknown}
 f - an uncursed ring of stealth {unknown}
Scrolls
 h - a scroll of amnesia {unknown}
 j - a scroll of teleportation {unknown}
 k - 3 scrolls of blinking {unknown}
 l - a scroll of identify {unknown}
Potions
 g - a potion of agility {unknown}
 i - a potion of flight {unknown}
 m - a potion of lignification {unknown}
Comestibles
 c - 2 bread rations


   Skills:
 - Level 2.4 Fighting
 * Level 4.6 Short Blades
 - Level 4.4 Dodging
 + Level 4.5 Stealth


You had 2 spell levels left.
You didn't know any spells.

Dungeon Overview and Level Annotations

Branches:
Dungeon (2/15)

Altars:
Okawaru
Trog


Innate Abilities, Weirdness & Mutations

You are very small and have problems with some larger weapons.
You are too small for most types of armour.
You have supernaturally acute eyesight. (SInv)
You are a herbivore.
You cover ground extremely quickly.
You need consume almost no food.


Message History

You hit Robin.
Robin is severely wounded.
Robin hits you with a short sword.
* * * LOW HITPOINT WARNING * * *
The goblin misses you.
You hit Robin.
Robin is almost dead.
You hit Robin but do no damage.
Robin is almost dead.
Robin hits you with a short sword.
* * * LOW HITPOINT WARNING * * *
The goblin closely misses you.
You hit Robin.
You kill Robin!
Okawaru accepts your kill. The goblin misses you.
You hit the goblin.
The goblin is moderately wounded.
The goblin hits you.
You die... .gg

#g# #g# #. #.#.#
.... #.#g# #.#.#..
.. #.#g# #.........
#.#.# #.#.#.#.# .
#.#)####..# ... ..
#.#.g@)..###.# ..
####.#.##g.....##.#
#......†..........#
#.#...###...._.##
#...# #......##...
#.#####............
# #.#
##..#.#####....
#.#.# #.....## ##.
.#.###..#...#####


You could see a hobgoblin and a goblin.

Vanquished Creatures
  Robin (D:2)
  A dart slug (D:1)
  4 leopard geckos (D:1)
  A ball python (D:2)
  4 bats (D:1)
  2 giant cockroaches (D:1)
  12 goblins
  6 hobgoblins
  2 jackals (D:1)
  A kobold (D:1)
  A frilled lizard (D:1)
  2 rats (D:1)
37 creatures vanquished.

Notes
Turn   | Place    | Note
-------+----------+-------------------------------------------
     0 | D:1      | dysrexia the Spriggan Monk began the quest for the Orb.
     0 | D:1      | Reached XP level 1. HP: 11/11 MP: 2/2
   124 | D:1      | Reached XP level 2. HP: 16/16 MP: 3/3
   149 | D:1      | Found an iron altar of Okawaru.
   733 | D:1      | Reached XP level 3. HP: 15/19 MP: 4/4
  1255 | D:2      | Found a faded altar of an unknown god.
  1262 | D:2      | Found a bloodstained altar of Trog.
  1271 | D:2      | Became a worshipper of Warmaster Okawaru
  1271 | D:2      | Reached * piety under Okawaru
  1271 | D:2      | Reached ** piety under Okawaru
  1321 | D:2      | Noticed Robin
  1364 | D:2      | Killed Robin
  1365 | D:2      | Slain by a goblin

Skill      XL: |  1  2  3 |
---------------+----------+-----
Short Blades   | 4 |  4.6
Stealth        | 4 |  4.5
Fighting       | |  2.4
Dodging        | |  4.4

Action                   || total
-------------------------++-------
Melee: Short sword       ||   143
       Punch             ||     1
Invok: Heroism           ||     1
 Stab: Sleeping          ||     2
Armor: Robe              ||     9
Dodge: Dodged            ||   125
